 Dungeon Crawl Stone Soup version 0.19.5 (webtiles) character file.

4358 abbott299 the Cleaver (level 10, -3/86 HPs)
             Began as a Minotaur Berserker on Apr 19, 2017.
             Was an Elder of Trog.
             Slain by a two-headed ogre
             ... wielding a +0 giant club
              (25 damage)
             ... on level 9 of the Dungeon.
             The game lasted 00:25:12 (6916 turns).

abbott299 the Cleaver (Minotaur Berserker)          Turns: 6916, Time: 00:25:13

Health: -3/86      AC: 13    Str: 25    XL:     10   Next: 12%
Magic:  9/9        EV: 12    Int:  4    God:    Trog [****..]
Gold:   87         SH:  0    Dex: 16    Spells: 0 memorised, 9 levels left

rFire  . . .     SeeInvis +     u - +3 battleaxe of Mudocef {freeze, Dex+4}
rCold  . . .     Gourm    .     J - +2 ring mail {MR+}
rNeg   + . .     Faith    .     (shield currently unavailable)
rPois  .         Spirit   .     (helmet restricted)
rElec  .         Reflect  .     a - +0 cloak of the Wasteland {rN+ SInv} (curse)
rCorr  .         Harm     .     K - +2 pair of gloves
MR     +....                    (no boots)
Stlth  +.........               (no amulet)
                                (no ring)
                                E - +2 ring of strength

@: exhausted, slowed, very slow
A: retaliatory headbutt, horns 2
a: Berserk, Trog's Hand, Brothers in Arms, Burn Spellbooks, Renounce Religion


You were on level 9 of the Dungeon.
You worshipped Trog.
Trog was greatly pleased with you.
You were near starving.

You visited 1 branch of the dungeon, and saw 9 of its levels.

You collected 572 gold pieces.
You spent 485 gold pieces at shops.

Inventory:

Hand Weapons
 u - the +3 battleaxe of Mudocef (weapon) {freeze, Dex+4}
   (You acquired it on level 8 of the Dungeon)

   It has been specially enchanted to freeze those struck by it, causing extra
   injury to most foes and up to half again as much damage against particularly
   susceptible opponents.
   It can also slow down cold-blooded creatures.
   It affects your dexterity (+4).
Armour
 a - the cursed +0 cloak of the Wasteland (worn) {rN+ SInv}
   (You bought it in a shop on level 8 of the Dungeon)

   It protects you from negative energy.
   It lets you see invisible.
   It has a curse placed upon it.
 e - a +2 buckler
   (You found it on level 1 of the Dungeon)
 i - a +0 plate armour
   (You found it on level 1 of the Dungeon)
 n - a +0 pair of gloves
   (You found it on level 2 of the Dungeon)
 r - a +1 cloak
   (You found it on level 3 of the Dungeon)
 J - a +2 ring mail of magic resistance (worn)
   (You took it off an orc on level 7 of the Dungeon)
 K - a +2 pair of gloves (worn)
   (You bought it in a shop on level 8 of the Dungeon)
Jewellery
 E - a +2 ring of strength (left hand)
   (You found it on level 5 of the Dungeon)
Wands
 w - a wand of lightning (14/15)
   (You found it on level 5 of the Dungeon)
 N - a wand of flame (10/48)
   (You found it on level 9 of the Dungeon)
Scrolls
 f - 3 scrolls of immolation {!r}
 g - 3 scrolls of blinking {!r}
 o - 5 scrolls of identify
 t - 5 scrolls of enchant armour
 v - 2 scrolls of remove curse
 x - 3 scrolls of fog
 y - 5 scrolls of teleportation
 B - a scroll of fear {unknown}
 D - 2 scrolls of recharging
 L - a scroll of acquirement
Potions
 b - 3 potions of agility
 d - a potion of ambrosia {unknown}
 j - 3 potions of brilliance
 k - a potion of cancellation {unknown}
 l - 3 potions of curing {unknown}
 p - 2 potions of invisibility {unknown}
 q - a potion of mutation {unknown}
 s - a potion of magic {unknown}
 A - 3 potions of might
 F - a potion of degeneration {unknown}
 G - 2 potions of haste {unknown}
 I - a potion of flight {unknown}
Books
 H - a book of Minor Magic
   (You found it on level 7 of the Dungeon)
 M - a book of Power
   (You found it on level 9 of the Dungeon)
Comestibles
 c - 5 bread rations {@e1}
 h - 6 meat rations {@e2}
 m - a fruit
 z - a royal jelly
 C - a slice of pizza
 O - a beef jerky


   Skills:
 + Level 7.2 Fighting
 * Level 14.3 Axes
 + Level 7.7 Armour
 - Level 2.1 Dodging
 + Level 1.1 Stealth
 - Level 0.2 Shields


You had 9 spell levels left.
You didn't know any spells.

Dungeon Overview and Level Annotations

Branches:
Dungeon (9/15)             Temple (0/1) D:6
   Lair: D:8-11         Orc: D:9-12

Altars:
Ashenzari
Cheibriados
Gozag
Hepliaklqana
Makhleb
Nemelex Xobeh
Qazlal
Ru
Uskayaw
Xom

Shops:
D:8 [([}?   D:9 [

Annotations:
D:2 Natasha


Innate Abilities, Weirdness & Mutations

You reflexively headbutt those who attack you in melee.
You have a pair of horns on your head.


Message History

You take 3 damage, and have 82/86 hp.
You slash the bullfrog zombie!
You destroy the bullfrog zombie!
Trog accepts your kill.
You closely miss the kobold.
You headbutt the kobold, but do no damage.
You miss the kobold. The kobold barely misses you. You furiously retaliate!
You headbutt the kobold!
You kill the kobold!
Trog accepts your kill.
You slash the big kobold! You freeze the big kobold. You slash the kobold!
You freeze the kobold.
You kill the kobold!
Trog accepts your kill.
You closely miss the big kobold. Your headbutt misses the big kobold.
The big kobold hits you but does no damage.
You slice the big kobold!! You freeze the big kobold.
You kill the big kobold!
Trog accepts your kill.
No target in view!
No target in view!
No target in view!
You open the door.
There is an open door here.
You see here a scroll of noise {!r}.
As you open the door, it creaks loudly!
There is an open door here.
You open the door.
There is an open door here.
You open the door.
Found a stone staircase leading up.
There is an open door here.
Health restored: 86 As you open the door, it creaks loudly!
There is an open door here.
You open the door.
There is an open door here.
You open the door.
There is an open door here.
You are feeling very hungry.
You open the door.
There is an open door here.
You enter a teleport trap!
The teleport trap disappears.
Your surroundings suddenly seem different.
O - a beef jerky A two-headed ogre comes into view.
It is wielding two giant clubs.
A red film seems to cover your vision as you go berserk!
You feel yourself moving faster!
You feel mighty!
You are near starving!
You now have 129/129 hp.
You slice the two-headed ogre!! You freeze the two-headed ogre!
You kill the two-headed ogre!
Trog accepts your kill.
You hear two shouts!
No target in view!
Found an escape hatch in the ceiling.
Things that are here:
a giant club x2
There isn't anything to butcher here.
Calm down first, please.
The door flies open with a bang!
You feel a strong urge to attack something.
You hear an angry hiss.
There is an open door here.
You feel your anger subside.
You are no longer berserk.
You are exhausted.
You feel yourself slow down.
A two-headed ogre comes into view.
It is wielding a giant club and a giant spiked club.
You now have 86/86 hp.
The two-headed ogre shouts in stereo!
The two-headed ogre hits you with a giant club!!
The two-headed ogre hits you with a giant spiked club.
Things that are here:
a giant club x2
You take 25 damage, and have 61/86 hp.
MASSIVE DAMAGE!!
You hit the two-headed ogre. You freeze the two-headed ogre.
The two-headed ogre hits you with a giant club.
The two-headed ogre hits you with a giant spiked club!
The two-headed ogre hits you with a giant club!
The two-headed ogre hits you but does no damage.
You take 34 damage, and have 27/86 hp.
MASSIVE DAMAGE!!
You hit the two-headed ogre. You freeze the two-headed ogre.
Your headbutt misses the two-headed ogre.
The two-headed ogre barely misses you. The two-headed ogre misses you.
You barely miss the two-headed ogre.
You headbutt the two-headed ogre, but do no damage.
The two-headed ogre barely misses you.
The two-headed ogre hits you but does no damage.
You barely miss the two-headed ogre. You headbutt the two-headed ogre.
The two-headed ogre closely misses you. x2
You slash the two-headed ogre! You freeze the two-headed ogre.
You headbutt the two-headed ogre.
You hear an angry hiss.
The two-headed ogre hits you with a giant club.
* * * LOW HITPOINT WARNING * * *
The two-headed ogre hits you with a giant spiked club!!
You die...

#######################
#..........#...........
#..........#...........
#..........#...........
#..........#...........
#......(...#>......#'##
#+####..####.......#.<#
#..'....+........#..#
#..#@...#........#..#
#####O..######...#..#
.l...........####
...............+
....#########..# ......
#.......'
.......#....####
.....<.######..#
####....'..#


You could see a two-headed ogre and an iguana.

Vanquished Creatures
  Pikel (D:5)
  A kobold demonologist (D:7)
  A two-headed ogre (D:9)
  Sigmund (D:2)
  A wyvern (D:8)
  Eustachio (D:6)
  An ice beast (D:7)
  An orc warrior (D:6)
  A sky beast (D:7)
  2 slaves (D:5)
  4 ogres
  A phantom (D:3)
  A hornet zombie (D:4)
  5 centaurs
  A big kobold (D:9)
  4 bullfrogs
  A wyvern zombie (D:8)
  3 scorpions
  A water moccasin skeleton (D:7)
  A crimson imp (D:5)
  A bullfrog zombie (D:9)
  3 jellies
  A gnoll shaman (D:5)
  4 orc priests
  A bullfrog skeleton (D:8)
  7 orc wizards
  A centaur skeleton (D:9)
  2 iguanas (D:7)
  Natasha (twice) (D:2)
  10 worker ants
  A killer bee zombie (D:8)
  A hound zombie (D:7)
  A hound skeleton (D:7)
  3 gnolls (D:8)
  17 adders
  A shadow imp (D:8)
  An adder zombie (D:6)
  An adder skeleton (D:4)
  2 worms
  A dart slug (D:1)
  4 leopard geckos
  26 orcs
  6 giant cockroaches
  5 goblins
  7 hobgoblins
  7 jackals (D:1)
  10 kobolds
  4 quokkas
  15 bats
  4 frilled lizards
  A jackal zombie (D:7)
  A leopard gecko skeleton (D:5)
  9 rats
193 creatures vanquished.

Vanquished Creatures (others)
  A worker ant (D:5)
1 creature vanquished.

Grand Total: 194 creatures vanquished

Notes
Turn   | Place    | Note
-------+----------+-------------------------------------------
     0 | D:1      | abbott299 the Minotaur Berserker began the quest for the Orb.
     0 | D:1      | Reached XP level 1. HP: 19/19 MP: 0/0
    21 | D:1      | Reached skill level 4 in Axes
    57 | D:1      | Reached XP level 2. HP: 19/26 MP: 1/1
   456 | D:1      | HP: 6/26 [leopard gecko (4)]
   461 | D:1      | HP: 5/26 [rat (1)]
   462 | D:1      | Reached skill level 5 in Axes
   804 | D:1      | Reached XP level 3. HP: 30/31 MP: 2/2
   948 | D:2      | Reached ** piety under Trog
  1063 | D:2      | Noticed Natasha
  1073 | D:2      | Killed Natasha
  1073 | D:2      | Reached XP level 4. HP: 34/40 MP: 3/3
  1173 | D:2      | Found a shattered altar of Ashenzari.
  1177 | D:2      | Found a sparkling altar of Nemelex Xobeh.
  1178 | D:2      | Noticed Sigmund
  1204 | D:2      | Killed Sigmund
  1204 | D:2      | Reached skill level 4 in Fighting
  1204 | D:2      | Reached skill level 7 in Axes
  1204 | D:2      | Reached skill level 3 in Armour
  1204 | D:2      | Reached XP level 5. HP: 39/46 MP: 4/4
  1286 | D:2      | Noticed Natasha
  1291 | D:2      | Killed Natasha
  1291 | D:2      | Reached XP level 6. HP: 34/52 MP: 5/5
  1302 | D:2      | Noticed Natasha
  1897 | D:3      | Reached skill level 8 in Axes
  1973 | D:3      | Found a sacrificial altar of Ru.
  2142 | D:3      | Noticed a fire elemental
  2144 | D:3      | Found a stormy altar of Qazlal.
  2145 | D:3      | Noticed an air elemental
  2146 | D:3      | Noticed a water elemental
  2193 | D:3      | Reached *** piety under Trog
  2295 | D:3      | Reached XP level 7. HP: 60/60 MP: 6/6
  2343 | D:3      | Reached skill level 4 in Armour
  2543 | D:3      | Found a hide-covered altar of Uskayaw.
  2671 | D:4      | Found an opulent altar of Gozag.
  3224 | D:4      | Found a burning altar of Makhleb.
  3310 | D:4      | Reached skill level 9 in Axes
  3626 | D:5      | Entered Level 5 of the Dungeon
  3860 | D:5      | Noticed Pikel
  3895 | D:5      | Killed Pikel
  3895 | D:5      | Reached skill level 5 in Fighting
  3895 | D:5      | Reached skill level 10 in Axes
  3895 | D:5      | Reached skill level 5 in Armour
  3895 | D:5      | Reached skill level 1 in Stealth
  3895 | D:5      | Reached XP level 8. HP: 68/68 MP: 7/7
  4397 | D:5      | Found a shimmering altar of Xom.
  4437 | D:6      | Reached skill level 6 in Armour
  4577 | D:6      | Found a staircase to the Ecumenical Temple.
  4746 | D:6      | Noticed Eustachio
  4793 | D:6      | Killed Eustachio
  4793 | D:6      | Reached skill level 11 in Axes
  5090 | D:7      | Reached XP level 9. HP: 75/75 MP: 8/8
  5110 | D:6      | Reached skill level 12 in Axes
  5148 | D:7      | Reached skill level 7 in Armour
  5161 | D:7      | Reached **** piety under Trog
  5211 | D:7      | Reached skill level 6 in Fighting
  5285 | D:7      | Found a hazy altar of Hepliaklqana.
  5452 | D:7      | Noticed a kobold demonologist
  5473 | D:7      | Killed a kobold demonologist
  5702 | D:7      | Reached skill level 13 in Axes
  5765 | D:7      | Found a snail-covered altar of Cheibriados.
  5853 | D:8      | Identified a scroll of acquirement
  5854 | D:8      | Got a smoking battleaxe
  5860 | D:8      | Identified the +3 battleaxe of Mudocef {freeze, Dex+4} (You acquired it on level 8 of the Dungeon)
  5946 | D:8      | Found Azxiufad's Antique Weapon Shoppe.
  5990 | D:8      | Found Gonkuqu's Gadget Emporium.
  6088 | D:8      | Found Vucem's Antique Armour Shop.
  6091 | D:8      | Bought a pair of glowing gloves for 283 gold pieces
  6301 | D:8      | Found Pumoar's Armour Shoppe.
  6305 | D:8      | Found Noxi's Magic Scroll Shoppe.
  6310 | D:8      | Bought the cursed +0 cloak of the Wasteland {rN+ SInv} for 202 gold pieces
  6349 | D:8      | Reached skill level 7 in Fighting
  6594 | D:9      | Reached skill level 14 in Axes
  6594 | D:9      | Reached XP level 10. HP: 73/86 MP: 9/9
  6614 | D:9      | Found Fanuyc's Armour Emporium.
  6916 | D:9      | Slain by a two-headed ogre

Skill      XL: |  1  2  3  4  5  6  7  8  9 |
---------------+----------------------------+-----
Axes           | 4 5 7 8 10 11 14 | 14.3
Fighting       | 4 5 7 |  7.2
Armour         | 3 5 6 7 |  7.7
Stealth        | 1 |  1.1
Dodging        | |  2.1
Shields        | |  0.2

Action                   |  1- 3 |  4- 6 |  7- 9 | 10-12 || total
-------------------------+-------+-------+-------+-------++-------
Melee: Hand axe          |    91 |   155 |   361 |       ||   607
       Headbutt          |    14 |    29 |    83 |     6 ||   132
       Battleaxe         |       |       |    51 |    18 ||    69
Invok: Trog's Hand       |       |     2 |     7 |       ||     9
       Berserk           |       |       |     3 |     1 ||     4
Evoke: Wand              |       |       |     1 |       ||     1
  Use: Scroll            |       |       |    15 |       ||    15
 Stab: Paralysed         |       |     1 |       |       ||     1
  Eat: Chunk             |     1 |     4 |    17 |       ||    22
       Beef jerky        |       |       |     1 |       ||     1
       Fruit             |       |       |     1 |       ||     1
Armor: Animal skin       |    10 |       |       |       ||    10
       Plate armour      |    23 |    77 |   173 |       ||   273
       Ring mail         |       |       |    13 |     8 ||    21
Dodge: Dodged            |    38 |    37 |   125 |    10 ||   210
Block: Buckler           |    12 |    35 |    59 |       ||   106

Vault maps used:
D:1:      lightli_arrival_noodles
D:2:      overflow_temple_1_default, first_bread, minmay_misc_feat_x,
          ashenzari_altar_1, uniq_sigmund, uniq_natasha
D:3:      nicolae_qazlal_style_of_elements, nicolae_ru_great_annihilating_truth,
          marbit_many_paths
D:4:      grunt_gozag_statues, lemuel_crystal_altar
D:5:      overflow_temple_1_default, uniq_pikel
D:6:      temple_statues, uniq_eustachio
D:7:      lemuel_doored_altar, kennysheep_mini, kb_rosetta
D:8:      serial_shops, nicolae_shop_behind_doors, shop_fountains,
          nicolae_shop_waterfront, shop, shop
D:9:      serial_shops, shop

Table legend:
 A = Turns spent in this place as a percentage of turns spent in the entire game.
 B = Non-inter-level travel turns spent in this place as a percentage of non-inter-level travel turns spent in the entire game.
 C = Inter-level travel turns spent in this place as a percentage of turns spent in this place.
 D = Turns resting spent in this place as a percentage of non-inter-level travel turns spent in this place.
 E = Turns spent auto-exploring this place as a percentage of non-inter-level travel turns spent in this place.
 F = Non-inter-level travel turns spent in this place divided by the number of levels of this place that you've seen.
                   A       B       C       D       E      F
               +-------+-------+-------+-------+-------+----------------------
         Total | 100.0 | 100.0 |   0.6 |   1.7 |  12.4 | 219.1
       Dungeon | 100.0 | 100.0 |   0.6 |   1.7 |  12.4 | 219.1
               +-------+-------+-------+-------+-------+----------------------

Table legend:
 A = Kills in this place as a percentage of kills in entire the game.
 B = Kills by you in this place as a percentage of kills by you in the entire game.
 C = Kills by friends in this place as a percentage of kills by friends in the entire game.
 D = Other kills in this place as a percentage of other kills in the entire game.
 E = Experience gained in this place as a percentage of experience gained in the entire game.
 F = Experience gained in this place divided by the number of levels of this place that you have seen.
                   A       B       C       D       E      F
               +-------+-------+-------+-------+-------+----------------------
         Total | 100.0 | 100.0 |  -nan |  -nan | 100.0 | 691.9
       Dungeon | 100.0 | 100.0 |  -nan |  -nan | 100.0 | 691.9
               +-------+-------+-------+-------+-------+----------------------
